 Dungeon Crawl Stone Soup version 0.30-a0-596-g0af90f9a20 (webtiles) character file.

Game seed: 17408642205903932954

31 pokeman the Magician (level 3, -1/20 HPs)
             Began as a Deep Elf Hedge Wizard on Jan 7, 2023.
             Slain by an orc wizard
             ... wielding a +0 dagger
              (3 damage)
             ... on level 2 of the Dungeon.
             The game lasted 00:02:06 (1630 turns).

pokeman the Magician (Deep Elf Hedge Wizard)        Turns: 1630, Time: 00:02:06

Health: -1/20      AC:  3    Str:  7    XL:     3   Next: 7%
Magic:  3/11       EV: 12    Int: 20    God:
Gold:   41         SH:  0    Dex: 14    Spells: 4/12 levels left

rFire   . . .      SeeInvis .    a - +0 dagger
rCold   . . .      Faith    .    (no shield)
rNeg    . . .      Spirit   .    b - +0 robe
rPois   .          Reflect  .    c - +0 hat
rElec   .          Harm     .    (no cloak)
rCorr   .          Rampage  .    g - +0 pair of gloves
Will    .....                    (no boots)
Stlth   ++                       (no amulet)
HPRegen 0.23/turn                (no ring)
MPRegen 0.12/turn                (no ring)

@: no status effects
A: no striking features
a: no special abilities


You were on level 2 of the Dungeon.
You visited 1 branch of the dungeon, and saw 2 of its levels.

You collected 41 gold pieces.

Inventory:

Hand Weapons
 a - a +0 dagger (weapon)
Armour
 b - a +0 robe (worn)
 c - a +0 hat (worn)
 g - a +0 pair of gloves (worn)
Magical Staves
 k - a staff of fire
Scrolls
 e - a scroll of magic mapping {unknown}
 i - 3 scrolls of teleportation {unknown}
 j - a scroll of identify {unknown}
 l - 3 scrolls of vulnerability {unknown}
Potions
 d - a potion of magic
 f - a potion of might {unknown}
 h - a potion of lignification {unknown}


   Skills:
 + Level 0.7 Fighting
 + Level 0.7 Armour
 - Level 2.4 Dodging
 - Level 2.4 Stealth
 * Level 5.1 Spellcasting
 + Level 1.7 Conjurations
 - Level 1.1 Summonings
 - Level 1.1 Translocations


You had 4 spell levels left.
You knew the following spells:

 Your Spells              Type           Power      Damage    Failure   Level
a - Magic Dart            Conj           48%        1d5       5%          1
b - Mephitic Cloud        Conj/Pois/Air  7%         N/A       26%         3
c - Call Imp              Summ           9%         N/A       11%         2
d - Blink                 Tloc           18%        N/A       11%         2

Your spell library contained the following spells:

 Spells                   Type           Power      Damage    Failure   Level
 Slow                     Hex            20%        N/A       12%         1
 Cigotuvi's Dreadful Rot  Necr/Pois/Air  10%        N/A       17%         2


Dungeon Overview and Level Annotations

Branches:
Dungeon (2/15)

Altars:


Message History

Confirm with . or Enter, or press ? or * to list all spells.
Aiming: Magic Dart (safe; 5% risk of failure)
Press: ? - help, Shift-Dir - straight line The magic dart hits something but does no damage.
Your crimson imp closely misses something.
You hear some strange, mumbled words.
You are confused.
You bump into the rock wall.
Something hits you.
Your crimson imp closely misses something.
You barely miss something.
You hear some strange, mumbled words.
A magic dart appears from out of thin air!
The magic dart hits you.
* * * LOW HITPOINT WARNING * * *
Your crimson imp misses something.
You bump into the rock wall.
Your crimson imp blinks!
Something hits you.
* * * LOW HITPOINT WARNING * * *
You bump into the rock wall.
You hear some strange, mumbled words.
Something tries to affect you, but you resist.
You feel less confused.
You hear some strange, mumbled words.
You are confused.
You hear some strange, mumbled words.
A magic dart appears from out of thin air!
The magic dart hits you.
* * * LOW HITPOINT WARNING * * *
You hear some strange, mumbled words.
A puff of flame appears from out of thin air!
The puff of flame misses you.
Your crimson imp barely misses something.
You hear some strange, mumbled words.
Something tries to affect you, but you resist.
Your crimson imp misses something.
You bump into the rock wall.
You feel less confused. Something hits you.
You die...

########## #........#
#.######.# #.######.# ##
#.†....#.# #
.###.####.#.#############.#####
...†............@.5....).......
######......##############)....
..[.........# ... ######.....##
. .....#.....# ####.#)##### ..
#.# ##.# #.# .#.# #.


You could see a friendly crimson imp (summoned).

Vanquished Creatures
  A worm (D:2)
  An orc (D:2)
  A giant cockroach (D:1)
  4 goblins
  3 hobgoblins
  4 ball pythons
  3 bats (D:1)
  4 frilled lizards
  3 kobolds (D:1)
  3 rats (D:1)
27 creatures vanquished.

Vanquished Creatures (collateral kills)
  An orc (D:2)
1 creature vanquished.

Grand Total: 28 creatures vanquished

Notes
Turn   | Place    | Note
-------+----------+-------------------------------------------
     0 | D:1      | pokeman the Deep Elf Hedge Wizard began the quest for the
                  | Orb.
     0 | D:1      | Reached XP level 1. HP: 10/10 MP: 7/7
   501 | D:1      | Reached XP level 2. HP: 15/15 MP: 6/9
  1399 | D:2      | Reached skill level 5 in Spellcasting
  1576 | D:2      | Reached XP level 3. HP: 20/20 MP: 6/11
  1580 | D:2      | Learned a level 3 spell: Mephitic Cloud
  1583 | D:2      | Learned a level 2 spell: Call Imp
  1586 | D:2      | Learned a level 2 spell: Blink
  1626 | D:2      | HP: 1/20 [something/magic dart (4)]
  1630 | D:2      | Slain by an orc wizard

Illustrated notes

Levels and vault maps discovered:
D:1:      lightli_arrival_statue_moat, layout_basic
D:2:      layout_basic, basic_altar

Skill      XL: |  1  2 |
---------------+-------+-----
Spellcasting   | 5 |  5.1
Fighting       | |  0.7
Armour         | |  0.7
Dodging        | |  2.4
Stealth        | |  2.4
Conjurations   | |  1.7
Summonings     | |  1.1
Translocations | |  1.1

Action                   || total
-------------------------++-------
Melee: Dagger            ||     1
 Cast: Magic Dart        ||    71
       Call Imp          ||     1
Armor: Robe              ||     1
Dodge: Dodged            ||    13

Table legend: (Time is in decaauts)
 A = Elapsed time spent in this place.
 B = Non-inter-level travel time spent in this place.
 C = Inter-level travel time spent in this place.
 D = Time resting spent in this place.
 E = Time spent auto-exploring this place.
 F = Levels seen in this place.
 G = Mean time per level.
                   A        B        C        D        E       F      G
               +--------+--------+--------+--------+--------+-----+--------+
         Total |   1629 |   1612 |     17 |      0 |   1420 |   2 |  814.5 |
       Dungeon |   1629 |   1612 |     17 |      0 |   1420 |   2 |  814.5 |
               +--------+--------+--------+--------+--------+-----+--------+

Top non-repeatable levels by time:
     D:1: 1316 daAuts
     D:2: 313 daAuts
